 Dungeon Crawl Stone Soup version 0.24.1-8-ga250c9d538 (webtiles) character file.

Game seed: 8633377377189882293, levelgen mode: deterministic

2661 Gabide the Cudgeler (level 9, 0/68 HPs)
             Began as a Human Fighter on May 5, 2020.
             Was a Follower of Uskayaw.
             Slain by a two-headed ogre
             ... wielding a +0 giant spiked club
              (7 damage)
             ... on level 8 of the Dungeon.
             The game lasted 00:20:56 (7998 turns).

Gabide the Cudgeler (Human Fighter)                 Turns: 7998, Time: 00:20:56

Health: 0/68       AC: 19    Str: 21    XL:     9   Next: 94%
Magic:  9/9        EV: 11    Int:  8    God:    Uskayaw [*.....]
Gold:   384        SH:  0    Dex: 12    Spells: 8/8 levels left

rFire    . . .     SeeInvis .   B - +3 battleaxe
rCold    . . .     Gourm    .   (shield currently unavailable)
rNeg     . . .     Faith    .   b - +1 scale mail
rPois    .         Spirit   .   v - +1 hat
rElec    .         Reflect  .   n - +0 cloak
rCorr    .         Harm     .   D - +2 pair of gloves
MR       .....                  s - +0 pair of boots
Stlth    ..........             o - amulet of magic regeneration
HPRegen  0.21/turn              i - +1 ring of protection
MPRegen  0.36/turn              y - +3 ring of protection

@: no status effects
A: no striking features
a: Stomp, Renounce Religion


You were on level 8 of the Dungeon.
You worshipped Uskayaw.
Uskayaw was noncommittal.
You were not hungry.

You visited 1 branch of the dungeon, and saw 8 of its levels.

You collected 384 gold pieces.

Inventory:

Hand Weapons
 B - a +3 battleaxe (weapon)
Missiles
 j - 270 stones (quivered)
 z - 2 throwing nets
Armour
 b - a +1 scale mail (worn)
 c - a +0 shield
 n - a +0 cloak (worn)
 s - a +0 pair of boots (worn)
 v - a +1 hat (worn)
 D - a +2 pair of gloves (worn)
Jewellery
 i - a +1 ring of protection (left hand)
 o - an amulet of magic regeneration (around neck)
 y - a +3 ring of protection (right hand)
Wands
 u - a wand of paralysis (6)
 C - a wand of flame (15)
Scrolls
 d - a scroll of amnesia
 q - 2 scrolls of remove curse
 w - a scroll of teleportation
Potions
 a - a potion of brilliance {unknown}
 e - 4 potions of flight
 g - a potion of curing {unknown}
 h - 4 potions of haste
 l - a potion of berserk rage
 p - 2 potions of invisibility {unknown}
 r - 2 potions of lignification {unknown}
 t - a potion of magic {unknown}
 x - a potion of resistance
 A - a potion of experience {unknown}
Comestibles
 f - 17 rations


   Skills:
 + Level 5.0 Fighting
 * Level 7.0(8.5) Axes
   Level 7.3(8.7) Maces & Flails
 - Level 1.7 Throwing
 + Level 5.3 Armour
 + Level 2.7 Dodging
 - Level 0.9 Stealth
 - Level 4.5 Shields


You had 8 spell levels left.
You didn't know any spells.
Your spell library contained the following spells:

 Spells                   Type           Power        Failure   Level  Hunger
 Beastly Appendage        Tmut           #.....       73%         1    ##.....
 Sticks to Snakes         Tmut           #.......     86%         2    ###....
 Spider Form              Tmut/Pois      #.........   97%         3    ####...
 Ice Form                 Ice/Tmut       #.......     100%        4    #####..
 Blade Hands              Tmut           #.........   100%        5    ######.


Dungeon Overview and Level Annotations

Branches:
Dungeon (8/15)             Temple (0/1) D:5            Lair (0/6) D:8

Altars:
Hepliaklqana
Makhleb
Nemelex Xobeh
Sif Muna
Uskayaw
The Shining One

Annotations:
D:6 2 transporters


Message History

You are too injured to fight recklessly!
You see here a leopard gecko corpse.
You can no longer pass through a line of other dancers.
You feel much better.
The two-headed ogre hits you with a +0 giant spiked club!!
The two-headed ogre hits you with a +0 giant club!!
* * * LOW HITPOINT WARNING * * *
Press: ? - help, v - describe, . - travel
Here: a two-headed ogre, wielding a +0 giant spiked club and a +0 giant club (lightly wounded)
The floor.
You see here a +0 whip.
Items here: )) [ †† a +0 club; a +0 whip; a +0 leather armour; a gnoll corpse x2
Things that are here:
a +0 halberd; a gnoll corpse
There is an escape hatch in the floor, spattered with blood here.
You hit the two-headed ogre.
The two-headed ogre is lightly wounded.
The two-headed ogre hits you with a +0 giant spiked club!
You die...

##### #...#
#...# #...#
#.<.#
#####...#
####..O@...#
###....###...#
#...#### #...#
######.###
#.###
###......# #.#
....###### #.#
.#### #.# ##
.#


You could see a two-headed ogre.

Vanquished Creatures
  A hornet (D:7)
  Sigmund (D:5)
  Menkaure (D:6)
  An orc warrior (D:7)
  An ice beast (D:7)
  A sky beast (D:6)
  4 ogres
  A necrophage (D:7)
  A centaur (D:5)
  2 bullfrogs (D:7)
  2 scorpions
  3 wights (D:6)
  A howler monkey (D:7)
  3 crimson imps
  Crazy Yiuf (D:7)
  4 hounds
  A bullfrog skeleton (D:6)
  2 orc priests
  A jelly (D:6)
  A gnoll shaman (D:8)
  3 iguanas
  8 orc wizards
  5 worker ants
  7 adders
  4 gnolls
  A shadow imp (D:8)
  5 worms
  A dart slug (D:1)
  2 leopard geckos
  14 orcs
  2 ball pythons
  6 bats
  4 giant cockroaches
  9 goblins
  7 hobgoblins
  11 jackals
  4 quokkas
  5 frilled lizards
  A giant cockroach zombie (D:5)
  A jackal skeleton (D:4)
  5 kobolds
  A leopard gecko zombie (D:6)
  A quokka skeleton (D:7)
  9 rats
149 creatures vanquished.

Vanquished Creatures (others)
  3 toadstools (D:1)
3 creatures vanquished.

Grand Total: 152 creatures vanquished

Notes
Turn   | Place    | Note
-------+----------+-------------------------------------------
     0 | D:1      | Gabide the Human Fighter began the quest for the Orb.
     0 | D:1      | Reached XP level 1. HP: 18/18 MP: 1/1
    20 | D:1      | Reached XP level 2. HP: 4/24 MP: 2/2
   445 | D:1      | Reached XP level 3. HP: 25/29 MP: 3/3
  1317 | D:2      | Reached XP level 4. HP: 35/35 MP: 4/4
  1555 | D:2      | Found a hide-covered altar of Uskayaw.
  1719 | D:2      | Became a worshipper of Uskayaw the Reveler
  1919 | D:3      | Reached * piety under Uskayaw
  2171 | D:3      | Reached XP level 5. HP: 41/41 MP: 5/5
  2299 | D:3      | Noticed an ogre
  2306 | D:3      | Reached ** piety under Uskayaw
  2309 | D:3      | Reached *** piety under Uskayaw
  2310 | D:3      | Killed an ogre
  2310 | D:3      | Reached skill level 1 in Dodging
  2310 | D:3      | Reached XP level 6. HP: 14/47 MP: 6/6
  3191 | D:4      | Reached skill level 1 in Throwing
  3225 | D:4      | Reached skill level 5 in Maces & Flails
  3225 | D:4      | Reached XP level 7. HP: 7/53 MP: 7/7
  3703 | D:4      | Found a glowing golden altar of the Shining One.
  4043 | D:5      | Entered Level 5 of the Dungeon
  4117 | D:5      | Noticed Sigmund
  4143 | D:5      | Killed Sigmund
  4508 | D:5      | Reached XP level 8. HP: 59/60 MP: 8/8
  4687 | D:5      | Found a staircase to the Ecumenical Temple.
  5131 | D:6      | Found a transporter.
  5416 | D:6      | Noticed Menkaure
  5427 | D:6      | Killed Menkaure
  5434 | D:6      | Got a jewelled mace
  5453 | D:6      | Identified the cursed +1 mace "Beastslayer" {flame, rF+
                  | Stlth+} (You found it on level 6 of the Dungeon)
  5600 | D:6      | Reached skill level 1 in Axes
  5605 | D:6      | Found a hazy altar of Hepliaklqana.
  5907 | D:6      | Found a transporter.
  6188 | D:7      | Reached XP level 9. HP: 60/66 MP: 9/9
  6300 | D:7      | Found a shimmering blue altar of Sif Muna.
  6566 | D:7      | Reached skill level 5 in Armour
  6943 | D:7      | Reached skill level 5 in Axes
  7107 | D:7      | Found a sparkling altar of Nemelex Xobeh.
  7108 | D:7      | Found a burning altar of Makhleb.
  7318 | D:7      | Noticed a hornet
  7326 | D:7      | Killed a hornet
  7685 | D:7      | Found a runed translucent door.
  7686 | D:7      | Noticed Crazy Yiuf
  7694 | D:7      | Killed Crazy Yiuf
  7694 | D:7      | Reached skill level 5 in Fighting
  7893 | D:8      | Found a staircase to the Lair.
  7929 | D:8      | Reached **** piety under Uskayaw
  7947 | D:8      | Noticed a two-headed ogre
  7971 | D:8      | HP: 1/68 [two-headed ogre/+0 giant spiked club (23)]
  7998 | D:8      | Slain by a two-headed ogre

Levels and vault maps discovered:
D:1:      minmay_arrival_plants_in_alcoves, layout_rooms, serial_forest,
          infiniplex_forest_clump_curved, infiniplex_forest_lined_2,
          infiniplex_forest_lined_2, infiniplex_forest_lined_corner,
          infiniplex_forest_zigzag_1, infiniplex_forest_split,
          infiniplex_forest_clump_medium, minmay_gold_behind_fungi
D:2:      layout_loops_ring, marbit_many_paths, serial_bayou_pond_b
D:3:      layout_loops_cross
D:4:      layout_rooms, lemuel_crystal_altar
D:5:      layout_gridville, minmay_temple_entry_statues_pillars, first_ration,
          uniq_sigmund
D:6:      gammafunk_cloud_chamber, layout_cave_pods, kennysheep_little_box,
          uniq_menkaure
D:7:      layout_loops_corners, grunt_temple_overflow_open, grunt_ogre_cave,
          lemuel_statue_altar, uniq_crazy_yiuf_cottage
D:8:      layout_rooms, lair_entry_dummy, gammafunk_ghost_cemetery

Skill      XL: |  1  2  3  4  5  6  7  8  9 |
---------------+----------------------------+-----
Maces & Flails | 3 4 5 6 7 |  7.3
Dodging        | 1 2 |  2.7
Throwing       | 1 |  1.7
Shields        | 4 |  4.5
Fighting       | 4 5 |  5.0
Armour         | 4 5 |  5.3
Axes           | 2 7 |  7.0
Stealth        | |  0.9

Action                   |  1- 3 |  4- 6 |  7- 9 || total
-------------------------+-------+-------+-------++-------
Melee: Flail             |    87 |   216 |   144 ||   447
       Battleaxe         |       |       |   163 ||   163
       Mace              |       |       |    23 ||    23
       Morningstar       |       |       |    18 ||    18
Throw: Stone             |     4 |    40 |    28 ||    72
Invok: Stomp             |       |       |     2 ||     2
  Use: Scroll            |     5 |     3 |     7 ||    15
       Potion            |       |     1 |     6 ||     7
 Stab: Paralysed         |       |     1 |     4 ||     5
  Eat: Chunk             |     1 |     6 |    11 ||    18
       Ration            |       |       |     2 ||     2
Armor: Scale mail        |    47 |   110 |   174 ||   331
Dodge: Dodged            |    26 |    51 |   146 ||   223
Block: Shield            |    55 |   108 |    59 ||   222
